 Dungeon Crawl Stone Soup version 0.27-a0-401-gea03ee85fd (webtiles) character file.

Game seed: 1030014550625282159

76526 miscthings the Cruncher (level 15, -4/118 HPs)
             Began as a Demonspawn Gladiator on Feb 22, 2021.
             Was a High Priest of Okawaru.
             Slain by an orc warrior
             ... wielding a +2 glaive of protection
              (31 damage)
             ... on level 2 of the Orcish Mines.
             The game lasted 00:51:14 (24630 turns).

miscthings the Cruncher (Demonspawn Gladiator)     Turns: 24630, Time: 00:51:15

Health: -4/118     AC: 17    Str: 20    XL:     15   Next: 12%
Magic:  22/22      EV: 17    Int: 15    God:    Okawaru [*****.]
Gold:   2237       SH:  0    Dex: 15    Spells: 14/14 levels left

rFire    + . .     SeeInvis .   V - +6 quarterstaff "Yqefu" {venom, rElec rPois Str+2}
rCold    . . .     Faith    .   (shield currently unavailable)
rNeg     . . .     Spirit   .   O - +2 ring mail {rF+}
rPois    +         Reflect  .   B - +2 hat {Int+3}
rElec    +         Harm     .   l - +0 cloak
rCorr    .         Rampage  .   c - +0 pair of gloves {archery}
Will     ++...                  (no boots)
Stlth    +.........             v - amulet of magic regeneration
HPRegen  0.29/turn              E - ring of willpower
MPRegen  0.61/turn              C - +4 ring of slaying

@: no status effects
A: talons 2, yellow scales 2, magic regeneration, demonic magic 2
a: Renounce Religion, Heroism, Finesse


You were on level 2 of the Orcish Mines.
You worshipped Okawaru.
Okawaru was extremely pleased with you.
You visited 4 branches of the dungeon, and saw 20 of its levels.
You also visited: Ossuary.

You collected 2237 gold pieces.

Inventory:

Hand Weapons
 b - the +11 quarterstaff of Tomorrow {antimagic, Dex+4}
   (Okawaru gifted it to you on level 6 of the Lair of Beasts)

   It reduces the magical energy of the wielder, and disrupts the spells and
   magical abilities of those hit.
   Natural abilities and divine invocations are not affected.
   It affects your dexterity (+4).
 V - the +6 quarterstaff "Yqefu" (weapon) {venom, rElec rPois Str+2}
   (Okawaru gifted it to you on level 2 of the Lair of Beasts)

   It poisons the flesh of those it strikes.
   It affects your strength (+2).
   It insulates you from electricity.
   It protects you from poison.
Missiles
 d - 4 throwing nets
 T - 6 curare-tipped darts (quivered)
Armour
 c - a +0 pair of gloves of archery (worn)
 e - a +1 chain mail of cold resistance
 l - a +0 cloak (worn)
 B - a +2 hat of intelligence (worn)
 D - the +2 scale mail of Fedhas's Inspiration {rElec rPois Stlth+}
   (You found it on level 5 of the Lair of Beasts)

   It insulates you from electricity.
   It protects you from poison.
   It makes you more stealthy.
 O - a +2 ring mail of fire resistance (worn)
 P - the +2 leather armour "Dukihu" {Rampage rPois rC+ Slay-2}
   (You found it on level 11 of the Dungeon)

   It affects your accuracy and damage with ranged weapons and melee attacks
   (-2).
   It protects you from cold.
   It protects you from poison.
   It bestows one free step when moving towards enemies.
Jewellery
 v - an amulet of magic regeneration (around neck)
 y - a ring of positive energy
 C - a +4 ring of slaying (right hand)
 E - a ring of willpower (left hand)
 N - a ring of see invisible
 U - a ring of fire
Wands
 g - a wand of random effects (1)
 q - a wand of polymorph (12)
 r - a wand of mindburst (11)
 t - a wand of flame (9)
 J - a wand of digging (3)
 S - a wand of paralysis (7)
Scrolls
 a - 5 scrolls of identify {@r1}
 f - 3 scrolls of blinking
 o - 5 scrolls of fog
 p - 3 scrolls of teleportation
 s - 4 scrolls of immolation
 u - 4 scrolls of magic mapping
 w - 2 scrolls of enchant weapon
 Q - a scroll of brand weapon
Potions
 h - 2 potions of attraction
 i - 6 potions of brilliance
 k - 5 potions of might
 m - 4 potions of heal wounds
 n - 5 potions of curing
 z - 2 potions of flight
 A - a potion of berserk rage
 F - 3 potions of invisibility
 G - 2 potions of cancellation
 H - a potion of ambrosia
 I - 2 potions of mutation
 K - 3 potions of haste
 L - 5 potions of lignification
Miscellaneous
 j - a phial of floods (inert)
 x - a tin of tremorstones (2/2)


   Skills:
 + Level 11.0 Fighting
 - Level 14.0 Staves
 - Level 1.7 Throwing
 + Level 10.0 Armour
 + Level 10.3 Dodging
 - Level 10.0 Invocations
 + Level 10.7 Evocations


You had 14 spell levels left.
You didn't know any spells.
Your spell library contained the following spells:

 Spells                   Type           Power        Failure   Level
 Animate Skeleton         Necr           0%           38%         1
 Apportation              Tloc           0%           38%         1
 Corona                   Hex            0%           38%         1
 Magic Dart               Conj           0%           38%         1
 Sandblast                Erth           0%           38%         1
 Summon Small Mammal      Summ           0%           38%         1
 Passwall                 Tmut/Erth      0%           52%         2
 Poisonous Vapours        Pois/Air       0%           52%         2
 Searing Ray              Conj           0%           52%         2
 Slow                     Hex            0%           52%         2
 Conjure Flame            Conj/Fire      0%           77%         3
 Dazzling Flash           Conj/Hex       0%           77%         3
 Inner Flame              Hex/Fire       0%           77%         3
 Lesser Beckoning         Tloc           0%           77%         3
 Mephitic Cloud           Conj/Pois/Air  0%           77%         3
 Portal Projectile        Hex/Tloc       0%           77%         3
 Stone Arrow              Conj/Erth      0%           77%         3
 Tukima's Dance           Hex            0%           77%         3
 Cause Fear               Hex            0%           99%         4
 Fulminant Prism          Conj/Hex       0%           99%         4
 Iskenderun's Mystic Bla  Conj/Tloc      0%           99%         4
 Leda's Liquefaction      Hex/Erth       0%           99%         4
 Petrify                  Tmut/Erth      0%           99%         4
 Alistair's Intoxication  Tmut/Pois      0%           100%        5
 Lee's Rapid Deconstruct  Erth           0%           100%        5
 Freezing Cloud           Conj/Ice/Air   0%           100%        6
 Invisibility             Hex            0%           100%        6


Dungeon Overview and Level Annotations

Branches:
Dungeon (11/15)            Temple (1/1) D:4            Lair (6/6) D:11
 Shoals (0/4) Lair:4        Snake (0/4) Lair:4        Slime (0/5) Lair:5
    Orc (2/2) D:11        Ossuary (visited)
    Elf: Orc:2

Altars:
Ashenzari
Cheibriados
Dithmenos
Elyvilon
Fedhas
Gozag
Hepliaklqana
Kikubaaqudgha
Makhleb
Nemelex Xobeh
Okawaru
Qazlal
Ru
Sif Muna
Trog
Uskayaw
Vehumet
Wu Jian
Xom
Yredelemnul
Zin
The Shining One

Shops:
D:11 (   Orc:2 =*

Portals:
Abyss: Orc:1

Annotations:
Orc:1 2 transporters, Kicvos's ghost, journeyman OpBe


Innate Abilities, Weirdness & Mutations

You have razor-sharp toenails.
You are mostly covered in yellow scales. (AC +3)
You regenerate magic rapidly.
Spells you cast may paralyse nearby enemies.


Message History

The orc knight looks as sick as possible!
The orc knight is moderately wounded.
The orc knight roars a battlecry!
The orcs go into a battle-frenzy!
The orc warrior closely misses you.
You hit the orc knight. Your kick misses the orc knight.
The orc knight is moderately wounded.
The orc hits you with a +0 war axe.
The orc knight roars a battlecry!
Things that are here:
a +0 club; an orc corpse An orc comes into view.
It is wielding a +0 club.
You see here a +0 flail.
Things that are here:
a +0 war axe; a +0 chain mail
Aiming: Polymorph
Press: ? - help, Shift-Dir - straight line, f - orc knight
Aim: an orc knight, wielding a +0 war axe and wearing a +0 plate armour (heavily wounded, very poisoned, will become a glowing shapeshifter, a yaktaur, or a cyclops, chance to affect: 56%)
The orc knight resists with significant effort.
You hit the orc knight but do no damage.
The orc knight looks as sick as possible!
The orc knight is heavily wounded.
You completely miss the orc knight.
You claw the orc knight, but do no damage.
The orc knight is heavily wounded.
The orc knight hits you with a +0 war axe!
You sock the orc knight! Your kick misses the orc knight.
The orc knight is severely wounded.
You hit the orc knight.
The orc knight looks as sick as possible!
You claw the orc knight.
You kill the orc knight!
Okawaru accepts your kill.
Your Fighting skill increases to level 11!
The orc warrior hits you from afar with a +2 glaive of protection!!
* * * LOW HITPOINT WARNING * * *
Things that are here:
a +0 war axe; a +0 plate armour The orc warrior hits you with a +2 glaive of protection!!
You die...

......).......#..<..)[..[........
...............#...)............#
.................)....)...).....#
...................)##....#....##
...............................[.
.................................
.######..#######)###.###.#######.
. #..# #)# #.# #.#....∩#. #..#
#@###[###.#.....#. #..#
#oo.......#.... #.
.###'###o###.### .... #.
.....o..o# #.# #o###)###.
..8...8..# #.# #oooO)))..
.........# #.# #oo##)###.
.......... ... #.)..#.
.###.###.## #....#. #o #.#
#...∩#.


You could see an orc warrior (strong) and 3 orcs.

Vanquished Creatures
  Gastronok (Lair:3)
  A dire elephant (Lair:6)
  2 entropy weavers (Lair:5)
  The ghost of Deed the Peltast, a journeyman MiFi of Wu Jian (Lair:3)
  A fire dragon (Lair:6)
  6 hydras
  Erolcha (D:9)
  2 boulder beetles (Lair:6)
  A catoblepas (Lair:6)
  A queen ant (Lair:5)
  11 death yaks
  Nergalle (Lair:1)
  3 lindwurms (Lair:6)
  8 orc knights (Orc:2)
  A deep elf pyromancer (D:11)
  2 ugly things (D:11)
  5 black mambas
  16 elephants
  7 torpor snails
  12 cane toads
  2 centaur skeletons
  4 rime drakes
  11 komodo dragons
  3 tyrant leeches (Lair:6)
  6 hornets (Lair:6)
  A troll (D:11)
  2 polar bears
  17 blink frogs
  9 dream sheep
  A snapping turtle (Lair:4)
  A wandering mushroom (Lair:4)
  Sigmund (D:6)
  2 wyverns
  58 yaks
  2 wraiths
  4 basilisks
  8 wargs
  3 nagas (Lair:4)
  25 soldier ants
  27 water moccasins
  A floating eye (Orc:1)
  A sky beast (D:7)
  30 orc warriors
  4 ice beasts
  3 black bears
  10 wolves
  3 eyes of draining
  2 centaurs
  6 ogres
  14 bullfrogs
  6 scorpions
  10 killer bees
  A water moccasin skeleton (D:6)
  A howler monkey (D:6)
  2 electric eels
  3 bullfrog zombies
  A centaur zombie (D:7)
  2 quasits
  11 orc priests
  8 hounds
  5 jellies
  An iguana (D:6)
  13 orc wizards
  23 worker ants
  2 hound skeletons
  A mummy (Ossuary)
  Robin (D:2)
  A howler monkey skeleton (D:8)
  14 adders
  3 white imps (D:9)
  A worker ant simulacrum (D:9)
  An ooze (D:2)
  4 worms
  2 dart slugs
  An adder simulacrum (D:9)
  10 leopard geckos
  75 orcs
  11 bats
  5 giant cockroaches
  14 hobgoblins
  6 jackals
  11 kobolds
  3 quokkas
  7 ball pythons
  6 frilled lizards
  5 gnoll skeletons (Ossuary)
  19 goblins
  2 jackal skeletons
  7 kobold skeletons (Ossuary)
  13 orc skeletons (Ossuary)
  10 rats
666 creatures vanquished.

Vanquished Creatures (others)
  An orc wizard (D:6)
  77 fungi
  62 plants
  2 withered plants (Lair:3)
142 creatures vanquished.

Grand Total: 808 creatures vanquished

Notes
Turn   | Place    | Note
-------+----------+-------------------------------------------
     0 | D:1      | miscthings the Demonspawn Gladiator began the quest for the
                  | Orb.
     0 | D:1      | Reached XP level 1. HP: 16/16 MP: 1/1
   210 | D:1      | Reached skill level 3 in Staves
   310 | D:1      | Gained mutation: You are partially covered in yellow
                  | scales. (AC +2) [demonic ancestry]
   310 | D:1      | Reached XP level 2. HP: 22/22 MP: 2/2
   578 | D:1      | Gained mutation: You have sharp toenails. [demonic
                  | ancestry]
   578 | D:1      | Reached XP level 3. HP: 27/27 MP: 3/3
   839 | D:2      | Reached skill level 4 in Staves
  1020 | D:2      | Noticed Robin
  1039 | D:2      | Killed Robin
  1040 | D:2      | Gained mutation: You regenerate magic rapidly. [demonic
                  | ancestry]
  1040 | D:2      | Reached XP level 4. HP: 18/33 MP: 4/4
  1430 | D:2      | Reached skill level 5 in Staves
  1834 | D:3      | Reached XP level 5. HP: 38/38 MP: 5/5
  2721 | D:4      | Reached skill level 6 in Staves
  2779 | D:4      | Reached XP level 6. HP: 41/44 MP: 6/6
  3033 | D:4      | Found a staircase to the Ecumenical Temple.
  3134 | Temple   | Entered the Ecumenical Temple
  3219 | Temple   | Became a worshipper of Warmaster Okawaru
  3464 | D:5      | Entered Level 5 of the Dungeon
  3834 | D:5      | Reached skill level 7 in Staves
  4265 | D:6      | Reached XP level 7. HP: 40/50 MP: 7/7
  4319 | D:6      | Noticed Sigmund
  4336 | D:6      | Killed Sigmund
  4336 | D:6      | Reached * piety under Okawaru
  4362 | D:6      | Reached skill level 8 in Staves
  4915 | D:6      | Reached ** piety under Okawaru
  4938 | D:6      | Reached skill level 9 in Staves
  4938 | D:6      | Gained mutation: Spells you cast may paralyse adjacent
                  | enemies. [demonic ancestry]
  4938 | D:6      | Reached XP level 8. HP: 56/56 MP: 8/8
  5668 | D:7      | Found a sand-covered staircase.
  5677 | D:7      | Reached skill level 10 in Staves
  5690 | Ossuary  | Entered an ossuary
  6105 | D:7      | Reached *** piety under Okawaru
  6249 | D:7      | Found a broken altar of Ashenzari.
  6263 | D:7      | Reached skill level 11 in Staves
  6280 | D:7      | Gained mutation: Spells you cast may paralyse nearby
                  | enemies. [demonic ancestry]
  6280 | D:7      | Reached XP level 9. HP: 61/61 MP: 9/9
  7160 | D:8      | Found a shadowy altar of Dithmenos.
  7267 | D:8      | Reached skill level 12 in Staves
  7635 | D:8      | Reached **** piety under Okawaru
  7854 | D:9      | Found a shimmering altar of Xom.
  7855 | D:9      | Found a shimmering altar of Xom.
  7856 | D:9      | Found a shimmering altar of Xom.
  7857 | D:9      | Found a shimmering altar of Xom.
  7857 | D:9      | Found a shimmering altar of Xom.
  7884 | D:9      | Received a gift from Okawaru
  7891 | D:9      | Noticed a polar bear
  7910 | D:9      | Killed a polar bear
  7911 | D:9      | Reached skill level 1 in Invocations
  7911 | D:9      | Reached skill level 1 in Evocations
  7923 | D:9      | Reached skill level 1 in Armour
  8037 | D:9      | Noticed Erolcha
  8201 | D:9      | Reached XP level 10. HP: 53/68 MP: 11/11
  8288 | D:9      | Killed Erolcha
  8471 | D:10     | Entered Level 10 of the Dungeon
  8617 | D:10     | Reached ***** piety under Okawaru
  8932 | D:10     | Received a gift from Okawaru
  9133 | D:10     | Reached skill level 13 in Staves
  9534 | D:11     | Got a pitted leather armour
  9556 | D:11     | Identified the +2 leather armour "Dukihu" {Rampage rPois
                  | rC+ Slay-2} (You found it on level 11 of the Dungeon)
  9764 | D:11     | Noticed a white ugly thing
  9805 | D:11     | Noticed a deep elf pyromancer
  9808 | D:11     | Killed a deep elf pyromancer
  9808 | D:11     | Killed a white ugly thing
  9809 | D:11     | Reached skill level 5 in Invocations
  9809 | D:11     | Reached XP level 11. HP: 77/77 MP: 14/14
  9858 | D:11     | Noticed a seven-headed hydra
 10170 | D:11     | Found Oraezati's Hydra Hut.
 10173 | D:11     | Noticed a five-headed hydra
 10205 | D:11     | Found a staircase to the Orcish Mines.
 10246 | D:11     | Noticed a cyan ugly thing
 10260 | D:11     | Killed a cyan ugly thing
 10730 | D:11     | Killed a seven-headed hydra
 10753 | D:11     | Found a staircase to the Lair.
 10940 | Lair:1   | Entered Level 1 of the Lair of Beasts
 10986 | Lair:1   | Noticed Sonja
 10987 | Lair:1   | Noticed Sonja
 10987 | Lair:1   | Sonja changed into Sonja the ice beast
 10992 | Lair:1   | Killed Sonja the ice beast
 11072 | Lair:1   | Reached skill level 5 in Fighting
 11072 | Lair:1   | Reached skill level 5 in Dodging
 11751 | Lair:1   | Received a gift from Okawaru
 12076 | Lair:1   | Noticed a five-headed hydra
 12087 | Lair:1   | Killed a five-headed hydra
 12088 | Lair:1   | Reached skill level 5 in Evocations
 12121 | Lair:1   | Noticed Nergalle
 12143 | Lair:1   | Killed Nergalle
 12339 | Lair:1   | Got a heavily runed buckler
 12347 | Lair:1   | Identified the +2 buckler "Larrufuj" {Will- Dex+6} (You
                  | found it on level 1 of the Lair of Beasts)
 12437 | Lair:2   | Reached XP level 12. HP: 20/87 MP: 17/17
 12730 | Lair:2   | Reached skill level 14 in Staves
 13268 | Lair:1   | Reached skill level 5 in Armour
 13708 | Lair:2   | Received a gift from Okawaru
 13732 | Lair:2   | Got an ichor-stained quarterstaff {god gift}
 13733 | Lair:2   | Identified the +6 quarterstaff "Yqefu" {venom, rElec rPois
                  | Str+2} (Okawaru gifted it to you on level 2 of the Lair of
                  | Beasts)
 13744 | Lair:2   | Got a sapphire war axe
 13750 | Lair:2   | Identified the +5 war axe of Reasonable Guilt {vorpal, +Fly
                  | rElec Str+2} (You found it on level 2 of the Lair of
                  | Beasts)
 14045 | Lair:3   | Found a runed translucent door.
 14046 | Lair:3   | Noticed Deed's ghost (journeyman MiFi)
 14113 | Lair:3   | Noticed Gastronok
 14128 | Lair:3   | Killed Gastronok
 14665 | Lair:3   | Killed Deed's ghost
 14704 | Lair:4   | Noticed a death yak
 14707 | Lair:4   | Noticed a death yak
 14714 | Lair:4   | Killed a death yak
 14918 | Lair:4   | Killed a death yak
 15078 | Lair:4   | Noticed a six-headed hydra
 15089 | Lair:4   | Killed a six-headed hydra
 15235 | Lair:4   | Reached ****** piety under Okawaru
 15243 | Lair:4   | Received a gift from Okawaru
 15249 | Lair:4   | Noticed a death yak
 15271 | Lair:4   | Killed a death yak
 15278 | Lair:4   | Gained mutation: You are mostly covered in yellow scales.
                  | (AC +3) [demonic ancestry]
 15278 | Lair:4   | Reached XP level 13. HP: 48/96 MP: 16/20
 16095 | Lair:4   | Found a staircase to the Snake Pit.
 16109 | Lair:4   | Reached skill level 10 in Invocations
 16379 | Lair:4   | Found a staircase to the Shoals.
 16833 | Lair:5   | Found a staircase to the Slime Pits.
 17029 | Lair:5   | Received a gift from Okawaru
 17627 | Lair:5   | Noticed an entropy weaver
 17656 | Lair:5   | Killed an entropy weaver
 18021 | Lair:5   | Noticed an entropy weaver
 18036 | Lair:5   | Killed an entropy weaver
 18399 | Lair:5   | Received a gift from Okawaru
 18456 | Lair:5   | Got an encrusted scale mail
 18457 | Lair:5   | Identified the +2 scale mail of Fedhas's Inspiration {rElec
                  | rPois Stlth+} (You found it on level 5 of the Lair of
                  | Beasts)
 19391 | Lair:5   | Gained mutation: You have razor-sharp toenails. [demonic
                  | ancestry]
 19391 | Lair:5   | Reached XP level 14. HP: 108/108 MP: 15/21
 19508 | Lair:6   | Entered Level 6 of the Lair of Beasts
 20249 | Lair:6   | Received a gift from Okawaru
 20267 | Lair:6   | Reached skill level 10 in Fighting
 20268 | Lair:6   | Received a gift from Okawaru
 20274 | Lair:6   | Got a transparent quarterstaff {god gift}
 20277 | Lair:6   | Identified the +11 quarterstaff of Tomorrow {antimagic,
                  | Dex+4} (Okawaru gifted it to you on level 6 of the Lair of
                  | Beasts)
 20545 | Lair:6   | Reached skill level 10 in Evocations
 21938 | Lair:6   | Found a runed translucent door.
 21982 | Lair:6   | Received a gift from Okawaru
 22074 | Lair:6   | Reached skill level 10 in Dodging
 22637 | Orc:1    | Entered Level 1 of the Orcish Mines
 22637 | Orc:1    | Found a transporter.
 22663 | Orc:1    | Found a transporter.
 22663 | Orc:1    | Found a one-way gate to the infinite horrors of the Abyss.
 22663 | Orc:1    | Noticed Kicvos's ghost (journeyman OpBe)
 22672 | Orc:1    | Identified the +8 eveningstar of the Trees {distort, rElec
                  | SInv}
 22672 | Orc:1    | Noticed an orc warlord
 22675 | Orc:1    | Noticed a tentacled starspawn
 23521 | Orc:2    | Entered Level 2 of the Orcish Mines
 23563 | Orc:2    | Found a bloodstained altar of Trog.
 23735 | Orc:2    | Reached XP level 15. HP: 66/117 MP: 22/22
 23766 | Orc:2    | Found Bayschij's General Store.
 23766 | Orc:2    | Found Gompofipn's Jewellery Boutique.
 24128 | Orc:2    | Paralysed by a floating eye for 2 turns
 24601 | Orc:2    | Reached skill level 10 in Armour
 24630 | Orc:2    | Slain by an orc warrior

Illustrated notes

Levels and vault maps discovered:
D:1:      minmay_arrival_stair_chambers, layout_basic
D:2:      layout_loops_cross, grunt_ministairs_3, uniq_robin
D:3:      minmay_thinvault, layout_basic
D:4:      layout_loops_ring, minmay_temple_entry_trees
D:5:      layout_loops_ring
D:6:      lemuel_ice_spiral_2, layout_basic, uniq_sigmund
D:7:      layout_cave_pods, basic_altar, nicolae_ossuary_entry_monument
D:8:      layout_basic, basic_altar
D:9:      layout_cave_pools, xom_shifter_show, serial_ice, serial_ice_i,
          serial_ice_n, serial_ice_e, serial_ice_b, grunt_ministairs_1,
          uniq_erolcha
D:10:     layout_roguey, corexii_checkpoint_b
D:11:     cheibrodos_ideogram_h, layout_loops_ring,
          grunt_lair_entry_orc_guard_hut, chequers_serial_rivers_small_a,
          doesnt_shop_hydraphobe
Temple:   compressed_dpeg_triangle_lava_temple
Lair:1:   layout_cave_pods, serial_bayou_lake_a, uniq_sonja, uniq_nergalle
Lair:2:   layout_long_grid
Lair:3:   layout_hall_layers, gammafunk_ghost_grave,
          infiniplex_staircase_pool_2, uniq_gastronok
Lair:4:   layout_small_grid, minmay_shoals_entry_hut,
          minmay_snake_entry_guardpost_medium, beast_lair_carwin_9,
          lemuel_fruit_fields
Lair:5:   layout_misc_corridors, slime_dummy, st_stairs_9, minivault_29
Lair:6:   wormcave, layout_regular_city, hangedman_lair_in_review
Orc:1:    layout_caves, gammafunk_ghost_abyssal_escape
Orc:2:    st_orc_town, layout_caves, basic_altar, bloody_trog

Skill      XL: |  1  2  3  4  5  6  7  8  9 10 11 12 13 14 15 |
---------------+----------------------------------------------+-----
Staves         | 3 4 5 6 7 9 11 12 13 14 | 14.0
Invocations    | 1 5 7 9 10 | 10.0
Evocations     | 1 3 5 7 9 10 | 10.7
Armour         | 1 3 4 6 8 9 10 | 10.0
Dodging        | 3 4 5 7 8 10 | 10.3
Fighting       | 4 5 7 9 10 11 | 11.0
Throwing       | |  1.7

Action                   |  1- 3 |  4- 6 |  7- 9 | 10-12 | 13-15 || total
-------------------------+-------+-------+-------+-------+-------++-------
Melee: Quarterstaff      |   119 |   195 |   372 |   592 |  1103 ||  2381
       Kick              |    12 |    64 |   118 |   255 |   458 ||   907
       Staff             |       |       |       |    74 |       ||    74
Throw: Dart              |       |       |       |     6 |     1 ||     7
Invok: Finesse           |       |       |       |     5 |     8 ||    13
       Heroism           |       |       |       |     2 |     6 ||     8
Evoke: Wand              |       |       |     4 |    25 |    27 ||    56
       Tin of tremorston |       |       |       |     2 |     2 ||     4
       Phial of floods   |       |       |       |       |     4 ||     4
  Use: Scroll            |       |    10 |    12 |    10 |     5 ||    37
       Potion            |       |       |     2 |     1 |     6 ||     9
 Stab: Sleeping          |     2 |     3 |       |       |     1 ||     6
       Petrified         |       |       |       |     9 |       ||     9
       Paralysed         |       |       |       |     5 |    10 ||    15
       Invisible         |       |       |       |       |    11 ||    11
Armor: Leather armour    |    58 |    44 |       |    55 |       ||   157
       Ring mail         |       |     2 |   121 |   110 |   199 ||   432
       Skin              |       |       |    24 |       |       ||    24
       Scale mail        |       |       |       |       |    32 ||    32
Dodge: Dodged            |    93 |   103 |   179 |   258 |   502 ||  1135

Table legend: (Time is in decaauts)
 A = Elapsed time spent in this place.
 B = Non-inter-level travel time spent in this place.
 C = Inter-level travel time spent in this place.
 D = Time resting spent in this place.
 E = Time spent auto-exploring this place.
 F = Levels seen in this place.
 G = Mean time per level.
                   A        B        C        D        E       F      G
               +--------+--------+--------+--------+--------+-----+--------+
         Total |  23840 |  22947 |    893 |   8136 |  10065 |  21 | 1135.2 |
       Dungeon |  10364 |   9913 |    451 |   1961 |   5805 |  11 |  942.2 |
        Temple |     94 |     85 |      9 |      0 |     64 |   1 |   94.0 |
          Lair |  11145 |  10724 |    421 |   4920 |   3741 |   6 | 1857.5 |
  Orcish Mines |   1874 |   1863 |     11 |   1066 |    407 |   2 |  937.0 |
       Ossuary |    361 |    361 |      0 |    188 |     47 |   1 |  361.0 |
               +--------+--------+--------+--------+--------+-----+--------+

Top non-repeatable levels by time:
  Lair:6: 2835 daAuts
  Lair:4: 2689 daAuts
  Lair:1: 1970 daAuts
  Lair:5: 1718 daAuts
    D:11: 1660 daAuts
   Orc:1: 1397 daAuts
     D:6: 1255 daAuts
     D:7: 1049 daAuts
     D:3: 1037 daAuts
  Lair:2: 972 daAuts
  Lair:3: 959 daAuts
     D:8: 919 daAuts
     D:1: 836 daAuts
     D:2: 797 daAuts
    D:10: 767 daAuts
